[Event "Team 45 45 League T34"]
[Site "Internet Chess Club"]
[Date "2007.07.23"]
[Round "1"]
[White "oldsj"]
[Black "hotzoddy"]
[Result "1-0"]
[WhiteElo "1446"]
[BlackElo "1335"]
[Opening "French: exchange variation"]
[ECO "C01"]
[Time "20:03:33"]
[TimeControl "2700+45"]

1. e4 e6 2. d4 d5 3. exd5 exd5 4. c4 Nf6 5. Nc3 Be7 6. Bd3 O-O 7. Nge2 Nc6 8.
O-O dxc4 9. Bxc4 Bd7 10. Re1 Re8 11. Bg5 Rb8 12. Nf4 Bb4 13. Rxe8+ Bxe8 14. Ncd5
Bd7 15. Nxf6+ gxf6 16. Bh6 Bf5 17. Qh5 Bg6 18. Nxg6 Qd7 19. Nf4 Nxd4 20. Qh4 Bf8
21. Bxf8 Rxf8 22. Qxf6 b5 23. Qg5+ Kh8 24. Qf6+ Kg8 25. Bf1 c5 26. Re1 a6 27.
Qg5+ Kh8 28. Qf6+ Kg8 29. Qg5+ Kh8 30. Qe7 Qxe7 31. Rxe7 a5 32. Bd3 c4 33. Be4
a4 34. Rd7 f5 35. Rxd4 fxe4 36. Rxe4 Rc8 37. Kf1 c3 38. bxc3 Rxc3 39. Re2 b4 40.
Nd5 Rc1+ 41. Re1 Rc4 42. Re8+ Kg7 43. Rb8 Rc1+ 44. Ke2 Rc2+ 45. Kd3 Rxa2 46.
Rxb4 Rxf2 47. Ne3 Ra2 48. Rb7+ Kg6 49. Rb5 a3 50. h3 h5 51. h4 Rf2 52. Ra5 a2
53. Ra6+ Kf7 54. Ra5 Kg6 55. g3 Kh6 56. Nc2 Rf3+ 57. Ke2 Rxg3 58. Rxa2 Rh3 59.
Ra6+ Kg7 60. Ne3 Rxh4 61. Nf5+ {Black resigns} 1-0

[Event "Team 45 45 League T34"]
[Site "Internet Chess Club"]
[Date "2007.07.19"]
[Round "1"]
[White "Fidelian"]
[Black "EyeAm"]
[Result "0-1"]
[WhiteElo "1311"]
[BlackElo "1413"]
[Opening "Four knights: Scotch variation"]
[ECO "C47"]
[Time "14:00:41"]
[TimeControl "2700+45"]

1. e4 e5 2. Nf3 Nf6 3. Nc3 Nc6 4. d4 Bb4 5. a3 Bxc3+ 6. bxc3 Nxe4 7. Qd3 d5 8.
dxe5 O-O 9. Bg5 Nxg5 10. Nxg5 Qxg5 {White resigns} 0-1

[Event "Team 45 45 League T34"]
[Site "Internet Chess Club"]
[Date "2007.07.20"]
[Round "1"]
[White "stillday"]
[Black "IconoJett"]
[Result "1-0"]
[WhiteElo "920"]
[BlackElo "1091"]
[Opening "English: Mikenas-Carls variation"]
[ECO "A18"]
[Time "14:59:23"]
[TimeControl "2700+45"]

1. c4 e6 2. Nc3 Nf6 3. e4 d5 4. cxd5 exd5 5. d4 dxe4 6. Qc2 Bf5 7. h3 Nc6 8. Bc4
Nxd4 9. Qa4+ c6 10. Nge2 b5 11. Bxf7+ Kxf7 12. Qxd4 Bd6 13. g4 c5 14. Qe3 Be6
15. g5 Nd5 16. Qf3+ Ke8 17. Nxe4 Rf8 18. Qh5+ g6 19. Qxh7 Nb4 20. Qxg6+ Ke7 21.
Qg7+ Rf7 22. Qh6 Nc2+ 23. Kf1 Be5 24. g6 Rg7 25. Bg5+ Kd7 26. Bxd8 Nxa1 27.
Nxc5+ Kd6 28. Nb7+ Rxb7 29. Qf8+ Kc6 30. Kg2 Bd5+ 31. f3 Bg7 32. Rc1+ Bc4 33.
Nd4+ Bxd4 34. Re1 Rd7 35. Qe8 Rxd8 36. Qe4+ Kb6 37. h4 Bxb2 38. a4 Rd4 39. a5+
Kxa5 40. Qc6 Rd2+ 41. Kg3 Be5+ 42. Rxe5 Rg8 43. h5 Bf1 44. Qc3+ Ka4 45. Re4+ Bc4
46. Qxd2 Nb3 47. Qa2+ Kb4 48. h6 Rxg6+ 49. Kf4 Rxh6 50. Qxa7 Nc5 51. Kg5 Ra6 52.
Qg7 Re6 53. Qb2+ Ka5 54. Qa3+ Kb6 55. Rxe6+ Nxe6+ 56. Kf6 Nd4 57. Qd6+ Nc6 58.
f4 b4 59. f5 b3 60. Qa3 Nd4 61. Qb4+ Bb5 62. Qxd4+ Ka5 63. Ke7 Be2 64. f6 Bh5
65. Qc3+ Ka4 66. Qb2 Kb4 67. Ke6 Bg6 68. Ke5 Bf7 69. Kd4 Kb5 70. Kc3 Kc6 71.
Qg2+ Kd6 72. Qe4 Bd5 73. Qe7+ Kc6 74. Qe8+ Kc5 75. Qb8 Kc6 76. Qb4 Kd7 77. Qd4
Kd6 78. Qb6+ Ke5 79. Kb2 Kf5 80. Qd4 Ke6 81. f7 {Black resigns} 1-0

[Event "Team 45 45 League T34 u"]
[Site "Internet Chess Club"]
[Date "2007.07.21"]
[Round "1"]
[White "Ernie1"]
[Black "mallet"]
[Result "0-1"]
[WhiteElo "1690"]
[BlackElo "1731"]
[Opening "Saragossa opening"]
[ECO "A00"]
[Time "09:49:00"]
[TimeControl "2700+45"]

1. c3 d5 2. d4 e6 3. Nf3 Nf6 4. Bg5 Be7 5. e3 h6 6. Bxf6 Bxf6 7. Bd3 Nd7 8. Nbd2
b6 9. Qc2 O-O 10. h4 c5 11. Ng5 Bxg5 12. hxg5 Qxg5 13. O-O-O c4 14. f4 {White
resigns} 0-1

[Event "Team 45 45 League T34"]
[Site "Internet Chess Club"]
[Date "2007.07.22"]
[Round "1"]
[White "reijo"]
[Black "WoadRaider"]
[Result "0-1"]
[WhiteElo "1582"]
[BlackElo "1632"]
[Opening "Dutch"]
[ECO "A87"]
[Time "12:47:37"]
[TimeControl "2700+45"]

1. d4 f5 2. Nf3 Nf6 3. g3 g6 4. Bg2 Bg7 5. O-O O-O 6. c4 d6 7. b3 Qe8 8. Bb2
Nbd7 9. Nbd2 h6 10. Qc2 c5 11. Rfe1 Nh7 12. e4 f4 13. e5 dxe5 14. dxe5 g5 15. e6
Ndf6 16. Ne5 fxg3 17. fxg3 Nh5 18. Qg6 Qxg6 19. Nxg6 Bxb2 20. Rab1 Bd4+ 21. Kh1
Re8 22. Bd5 N7f6 23. Rf1 Nxd5 24. cxd5 Nf6 25. Nf3 Nxd5 26. Nxd4 cxd4 27. Rbd1
Ne3 28. Rf7 Bxe6 29. Nxe7+ Kxf7 {White resigns} 0-1

[Event "Team 45 45 League T34"]
[Site "Internet Chess Club"]
[Date "2007.07.21"]
[Round "1"]
[White "NESKAYA"]
[Black "Berkshires"]
[Result "1-0"]
[WhiteElo "1574"]
[BlackElo "1475"]
[Opening "English opening"]
[ECO "A20"]
[Time "12:00:39"]
[TimeControl "2700+45"]

1. c4 e5 2. g3 Nf6 3. Bg2 Bc5 4. d3 c6 5. Nf3 d5 6. cxd5 Nxd5 7. Nxe5 Bxf2+ 8.
Kxf2 Qf6+ 9. Nf3 Bg4 10. Rf1 O-O 11. Kg1 Re8 12. h3 Bh5 13. Bg5 Qxb2 14. Nbd2
Bxf3 15. Rxf3 f6 16. Nc4 Qxe2 17. Qxe2 Rxe2 18. Be3 b5 19. Bf1 Rc2 20. Na3 Rb2
21. Bc1 Rb4 22. Rb1 Rxb1 23. Nxb1 Nd7 24. a3 Re8 25. Bd2 Ne5 26. Rf2 a6 27. d4
Nc4 28. Bb4 Re1 29. Bxe1 Kf7 30. Bxc4 bxc4 31. Re2 g5 32. Bd2 h6 33. Nc3 Ne7 34.
Na4 Nf5 35. Kf2 Nxd4 36. Re4 Nb3 37. Bb4 Kg6 38. Rxc4 a5 39. Rc3 Nd2 40. Bxa5
Ne4+ 41. Kf3 Nxc3 42. Nxc3 f5 43. Bb6 Kf7 44. a4 Ke8 45. a5 Kd7 46. a6 Kc8 47.
a7 Kb7 48. Na4 h5 49. h4 g4+ 50. Kf4 c5 51. Nxc5+ Kxb6 52. a8=Q Kxc5 53. Kxf5
Kd4 54. Qe4+ Kc3 55. Ke5 Kd2 56. Kd4 Kd1 57. Kc3 Kc1 58. Qc2# {Black checkmated}
1-0

[Event "Team 45 45 League T34"]
[Site "Internet Chess Club"]
[Date "2007.07.26"]
[Round "1"]
[White "malihini"]
[Black "MarcoDeSade"]
[Result "0-1"]
[WhiteElo "1361"]
[BlackElo "1480"]
[Opening "French: Winawer (Nimzovich) variation"]
[ECO "C15"]
[Time "21:02:36"]
[TimeControl "2700+45"]

1. e4 e6 2. d4 d5 3. Nc3 Bb4 4. Qd3 dxe4 5. Qxe4 Bxc3+ 6. bxc3 Nf6 7. Qh4 Nd5 8.
Qxd8+ Kxd8 9. Bd2 b6 10. Nf3 Nf6 11. Ne5 Ke8 12. Bb5+ Bd7 13. c4 c6 14. Ba4 Ne4
15. Be3 f6 16. Nxd7 Kxd7 17. f3 Nd6 18. Kf2 Nxc4 19. Bf4 Re8 20. Rhe1 b5 21. Bb3
Nb6 22. Re2 a5 23. Rae1 Nd5 24. Bxd5 cxd5 25. Rxe6 Rxe6 {White resigns} 0-1

[Event "Team 45 45 League T34"]
[Site "Internet Chess Club"]
[Date "2007.07.21"]
[Round "1"]
[White "Kingofknights"]
[Black "Izeelden"]
[Result "1-0"]
[WhiteElo "1763"]
[BlackElo "1745"]
[Opening "Queen's pawn"]
[ECO "A40"]
[Time "11:06:41"]
[TimeControl "2700+45"]

1. d4 c6 2. c4 d6 3. Nc3 g6 4. e4 Bg7 5. Be3 Qb6 6. Qd2 e6 7. d5 c5 8. Rb1 Ne7
9. b4 Qc7 10. Nb5 Qd8 11. bxc5 a6 12. Nxd6+ Kf8 13. Nxb7 Qe8 14. Nd6 Qd8 15.
Nxc8 Qxc8 16. d6 Nec6 17. Nf3 Nd7 18. Be2 a5 19. O-O h5 20. Nd4 h4 21. Nxc6 Qxc6
22. Bf3 h3 23. e5 Qa6 24. c6 Nxe5 25. d7 Nxf3+ 26. gxf3 Qxc6 27. d8=Q+ Rxd8 28.
Qxd8+ Qe8 29. Bc5+ {Black resigns} 1-0

[Event "Team 45 45 League T34"]
[Site "Internet Chess Club"]
[Date "2007.07.22"]
[Round "1"]
[White "Jozin"]
[Black "DaveTheRook"]
[Result "1/2-1/2"]
[WhiteElo "1580"]
[BlackElo "1670"]
[Opening "King's pawn opening"]
[ECO "B07"]
[Time "13:56:23"]
[TimeControl "2700+45"]

1. e4 d6 2. d4 g6 3. Be3 Bg7 4. Qd2 Nf6 5. Nc3 O-O 6. Bh6 e5 7. Bxg7 Kxg7 8. d5
Nbd7 9. Bb5 Nc5 10. f3 a6 11. Bd3 Nxd3+ 12. Qxd3 Bd7 13. Nge2 b5 14. b4 Qe7 15.
O-O Nh5 16. a4 Qg5 17. g4 bxa4 18. h4 Qxh4 19. gxh5 gxh5 20. f4 Kh8 21. Rf3 Rg8+
22. Rg3 Bg4 23. f5 Rg7 24. Kf2 Rag8 25. Rg1 a3 26. Qd2 Bxe2 27. Nxe2 a2 28. Qe3
Qh2+ 29. Kf3 Rxg3+ 30. Nxg3 Rxg3+ 31. Rxg3 a1=Q 32. Rg8+ Kxg8 33. Qg5+ {Game
drawn by mutual agreement} 1/2-1/2

[Event "Team 45 45 League T34"]
[Site "Internet Chess Club"]
[Date "2007.07.18"]
[Round "1"]
[White "TIP"]
[Black "Warpdrive"]
[Result "1-0"]
[WhiteElo "1558"]
[BlackElo "1615"]
[Opening "Alekhine's defense"]
[ECO "B02"]
[Time "17:59:17"]
[TimeControl "2700+45"]

1. e4 Nf6 2. e5 Nd5 3. c4 Nb6 4. Nc3 d6 5. exd6 exd6 6. Nf3 Bg4 7. Be2 Be7 8.
O-O O-O 9. d4 Bf6 10. Be3 c6 11. Qc2 Bxf3 12. Bxf3 Nxc4 13. Be4 g6 14. Bh6 Bg7
15. Bxg7 Kxg7 16. Bd3 d5 17. Rfe1 Re8 18. Bxc4 dxc4 19. Ne4 Nd7 20. Qc3 f6 21.
Nd6 Re7 22. Nxb7 Qf8 23. Rxe7+ Qxe7 24. Re1 Qf8 25. Qxc4 Re8 26. Rd1 Qe7 27. h3
Qe2 28. Qxe2 Rxe2 29. d5 c5 30. Rc1 Rd2 31. d6 Kf7 32. Nxc5 Rxd6 33. Ne4 Rb6 34.
Rc7 Ke6 35. Rxa7 Rxb2 36. Ra6+ Kf5 37. Ng3+ Ke5 38. Ra5+ Ke6 39. Ra6+ Ke5 40. a4
Rb1+ 41. Kh2 Rb2 42. Ra7 Rd2 43. a5 f5 44. a6 f4 45. Ne2 Nb6 46. Rb7 Rxe2 47.
Re7+ {Black resigns} 1-0

[Event "Team 45 45 League T34"]
[Site "Internet Chess Club"]
[Date "2007.07.19"]
[Round "1"]
[White "ADIOKiddo4Ever"]
[Black "oldsj"]
[Result "1-0"]
[WhiteElo "1419"]
[BlackElo "1454"]
[Opening "Vienna: Paulsen-Mieses variation"]
[ECO "C26"]
[Time "19:03:42"]
[TimeControl "2700+45"]

1. e4 e5 2. Nc3 Nf6 3. g3 c6 4. Bg2 d5 5. exd5 cxd5 6. d4 exd4 7. Qxd4 Nc6 8.
Qa4 h6 9. Be3 Bd7 10. Nxd5 Nxd5 11. Bxd5 Nb4 12. Qb3 Nxd5 13. Qxd5 Bc6 14. Qxd8+
Rxd8 15. f3 b6 16. Kf2 Be7 17. Ne2 O-O 18. Rhd1 Rxd1 19. Rxd1 Rd8 20. Rxd8+ Bxd8
21. Bd4 f6 22. c4 Be7 23. a3 Kf7 24. b4 g5 25. f4 Ke6 26. b5 Bb7 27. a4 Bc5 28.
Bxc5 bxc5 29. a5 Kd7 30. a6 Bc8 31. Nc3 Kc7 32. Nd5+ Kb8 33. Nxf6 Be6 34. fxg5
hxg5 35. Nd5 Bc8 36. h4 gxh4 37. gxh4 Bg4 38. Ke3 Bf5 39. Kf4 Bd3 40. Ne3 Be2
41. Ke5 Kc7 42. Kd5 Kb6 43. Nf5 Bf3+ 44. Kd6 Be2 45. Ne3 Bf3 46. Nd5+ Ka5 47.
Kxc5 Be2 48. Nf6 Bf3 49. h5 Be2 50. h6 Bd3 51. h7 Bxc4 52. Kxc4 Kb6 53. h8=Q Kc7
54. Qe8 Kb6 55. Nd5+ Ka5 56. Qe1+ Ka4 57. Qb4# {Black checkmated} 1-0

[Event "Team 45 45 League T34"]
[Site "Internet Chess Club"]
[Date "2007.07.21"]
[Round "1"]
[White "Terte"]
[Black "Allessia"]
[Result "1/2-1/2"]
[WhiteElo "2000"]
[BlackElo "2271"]
[Opening "Sicilian: Alapin's variation (2.c3)"]
[ECO "B22"]
[Time "03:01:45"]
[TimeControl "2700+45"]

1. e4 c5 2. c3 Nf6 3. e5 Nd5 4. Nf3 Nc6 5. Bc4 e6 6. Bxd5 exd5 7. d4 d6 8. exd6
Bxd6 9. dxc5 Bxc5 10. O-O O-O 11. Bg5 Qd6 12. Qc2 Ne5 13. Nbd2 Bg4 14. Nxe5 Qxe5
15. Bh4 Qh5 16. Bg3 Rfe8 17. Rfe1 d4 18. Nb3 dxc3 19. Nxc5 Qxc5 20. Qxc3 Qxc3
21. bxc3 Be6 22. a3 f6 23. f3 Kf7 24. Bf2 b6 25. Bd4 Bc4 26. Kf2 Rad8 27. Rxe8
Rxe8 28. Re1 Rxe1 29. Kxe1 Ke6 30. Kd2 g5 31. g3 f5 32. Ke3 h6 33. h4 f4+ 34.
gxf4 gxh4 35. Kf2 Kf5 36. Be5 h3 37. Kg3 Bf1 38. Bc7 b5 39. Bd6 a6 40. Bc7 {Game
drawn by mutual agreement} 1/2-1/2

[Event "Team 45 45 League T34"]
[Site "Internet Chess Club"]
[Date "2007.07.22"]
[Round "1"]
[White "primerpaso"]
[Black "andreip"]
[Result "1-0"]
[WhiteElo "1732"]
[BlackElo "1991"]
[Opening "English: symmetrical variation"]
[ECO "A38"]
[Time "15:08:04"]
[TimeControl "2700+45"]

1. c4 c5 2. Nc3 Nc6 3. g3 g6 4. Bg2 Bg7 5. Nf3 Nf6 6. d4 cxd4 7. Nxd4 O-O 8. O-O
a6 9. Bg5 Nxd4 10. Qxd4 d6 11. Qh4 Re8 12. Rac1 Rb8 13. Rfd1 Qb6 14. c5 dxc5 15.
Na4 Qe6 16. Bf4 Ra8 17. Nxc5 Qxe2 18. Rd2 Qg4 19. Nxb7 Nh5 20. Qxg4 Bxg4 21. Be3
Rac8 22. Rxc8 Rxc8 23. h3 Be6 24. b3 Bc3 25. Rd8+ Kg7 26. Bd4+ Bxd4 27. Rxd4 Rc7
28. Nd8 Bc8 29. Rc4 Rxc4 30. bxc4 Nf6 31. c5 Ne8 32. Kf1 f5 33. Ke2 e5 34. Kd3
Nc7 35. Kc4 Kf6 36. Bd5 e4 37. c6 Ke7 38. Nb7 h6 39. Kc5 Nxd5 40. Kxd5 Be6+ 41.
Ke5 Bxa2 42. Nc5 Kd8 43. Kd6 a5 44. c7+ Kc8 45. Nd7 Kb7 46. Nb6 Be6 47. Kxe6
Kxc7 48. Nc4 a4 49. Kd5 Kd7 50. Nb6+ Ke7 51. Nxa4 Kf6 52. Nc5 Kg5 53. Ke5 h5 54.
Ne6+ Kh6 55. h4 {Black resigns} 1-0

[Event "Team 45 45 League T34"]
[Site "Internet Chess Club"]
[Date "2007.07.22"]
[Round "1"]
[White "Victorianum"]
[Black "cityprosecutor"]
[Result "1-0"]
[WhiteElo "1699"]
[BlackElo "1683"]
[Opening "Trompowsky attack (Ruth, Opocenský opening)"]
[ECO "A45"]
[Time "11:14:29"]
[TimeControl "2700+45"]

1. d4 Nf6 2. Bg5 Ne4 3. Bf4 g6 4. e3 Bg7 5. Nd2 Nxd2 6. Qxd2 d5 7. c3 Nd7 8. Bd3
e5 9. dxe5 Nxe5 10. Bxe5 Bxe5 11. Nf3 Bg7 12. O-O O-O 13. h3 a6 14. Rad1 {Black
disconnected and forfeits} 1-0

[Event "Team 45 45 League T34"]
[Site "Internet Chess Club"]
[Date "2007.07.20"]
[Round "1"]
[White "LittleBunny"]
[Black "gugamircea"]
[Result "0-1"]
[WhiteElo "1215"]
[BlackElo "1560"]
[Opening "Sicilian: closed, 2...Nc6"]
[ECO "B23"]
[Time "15:02:18"]
[TimeControl "2700+45"]

1. e4 c5 2. Nc3 Nc6 3. Nf3 d6 4. h3 Nf6 5. d3 g6 6. Bf4 Bg7 7. Be2 O-O 8. O-O
Nh5 9. Bh2 a6 10. Ng5 Nf6 11. Rb1 Nd4 12. Nd5 Nxe2+ 13. Qxe2 Nxd5 14. exd5 e6
15. dxe6 Qxg5 16. Bxd6 Re8 17. f4 Qd5 18. Be5 Rxe6 19. Rbe1 f6 20. c4 Qd7 21.
Qg4 fxe5 22. fxe5 Qd4+ 23. Kh1 Qxg4 24. hxg4 Rxe5 25. g5 Rxe1 26. Rxe1 Bf5 27.
Re7 Bxd3 28. Rxb7 Bxc4 29. b3 Bf7 30. Rc7 Bd4 31. Kh2 Be5+ {White resigns} 0-1

[Event "Team 45 45 League T34"]
[Site "Internet Chess Club"]
[Date "2007.07.21"]
[Round "1"]
[White "Hazy"]
[Black "backfire"]
[Result "0-1"]
[WhiteElo "1898"]
[BlackElo "1835"]
[Opening "Sicilian: dragon, Yugoslav attack"]
[ECO "B76"]
[Time "17:56:17"]
[TimeControl "2700+45"]

1. e4 c5 2. Nf3 d6 3. d4 cxd4 4. Nxd4 Nf6 5. Nc3 g6 6. f3 Bg7 7. Be3 Nc6 8. Qd2
O-O 9. h4 h5 10. Nxc6 bxc6 11. Bh6 Be6 12. Bxg7 Kxg7 13. Bd3 Rb8 14. b3 Qa5 15.
Ne2 Qxd2+ 16. Kxd2 Rb6 17. c3 a5 18. Nd4 Bd7 19. Rhb1 Rfb8 20. c4 e5 21. Nc2 d5
22. cxd5 cxd5 23. Ne3 dxe4 24. Bxe4 Nxe4+ 25. fxe4 Rd6+ 26. Ke2 Rd4 27. Rd1 Bb5+
28. Kf3 Rbd8 29. Nd5 Bd3 30. Kf2 Bxe4 31. Rxd4 exd4 32. Nf4 Rc8 33. Re1 Bf5 34.
Re2 Rd8 35. Rd2 Kf6 36. Nd3 Bxd3 37. Rxd3 Ke5 38. Rf3 f6 39. Ke2 g5 40. hxg5
fxg5 41. Rf7 Ke4 42. g3 Rd5 43. Rg7 d3+ 44. Kd2 Kf3 45. Rh7 g4 {White resigns}
0-1

[Event "Team 45 45 League T34"]
[Site "Internet Chess Club"]
[Date "2007.07.28"]
[Round "1"]
[White "NoiselessBear"]
[Black "Nosferatu1"]
[Result "0-1"]
[WhiteElo "1789"]
[BlackElo "1830"]
[Opening "Réti opening"]
[ECO "A05"]
[Time "12:04:47"]
[TimeControl "2700+45"]

1. Nf3 Nf6 2. g3 d5 3. Bg2 c5 4. c4 d4 5. d3 Nc6 6. O-O e5 7. Nbd2 Bd6 8. Ne4
Nxe4 9. dxe4 O-O 10. Ne1 Be6 11. b3 Qc7 12. a3 a5 13. Nd3 Rab8 14. f4 exf4 15.
gxf4 f6 16. f5 Bf7 17. Rf3 Bxh2+ 18. Kf2 Ne5 19. Rh3 Nxd3+ 20. exd3 Bf4 21. Qg4
Bxc1 22. Rxc1 Kh8 23. Rch1 Bg8 24. Ke2 b5 25. Bf3 bxc4 26. Rxh7+ Bxh7 27. Qg6
cxd3+ 28. Kf2 Kg8 29. Qxh7+ Kf7 30. Bh5+ Ke7 31. Qxg7+ Kd6 32. e5+ fxe5 33. Bf7
Qxf7 34. Rh6+ Kd7 {White resigns} 0-1

[Event "Team 45 45 League T34"]
[Site "Internet Chess Club"]
[Date "2007.07.22"]
[Round "1"]
[White "AVEMARIA"]
[Black "burnsja2003"]
[Result "1-0"]
[WhiteElo "1810"]
[BlackElo "1731"]
[Opening "Sicilian: Canal-Sokolsky attack, 3...Bd7"]
[ECO "B52"]
[Time "10:07:06"]
[TimeControl "2700+45"]

1. e4 c5 2. Nf3 d6 3. Bb5+ Bd7 4. Bxd7+ Qxd7 5. O-O Nf6 6. d3 e6 7. c4 Nc6 8.
Nc3 a6 9. Ng5 h6 10. Nh3 Be7 11. f4 Qc7 12. a3 O-O-O 13. Bd2 Rdf8 14. Rb1 Nd7
15. f5 Nde5 16. Nf4 exf5 17. Ncd5 Qd8 18. Nxe7+ Qxe7 19. Nd5 Qd8 20. b4 cxb4 21.
Qb3 Qa5 22. axb4 Qd8 23. Qc3 f6 24. b5 Ne7 25. bxa6 Nxd5 26. axb7+ Kb8 27. exd5
Qc7 28. Qd4 Qc5 29. Qxc5 dxc5 30. Bf4 Rf7 31. Rfe1 Rxb7 32. Rxb7+ Kxb7 33. Bxe5
fxe5 34. Rxe5 Rf8 35. Re7+ Kb6 36. Rxg7 Ka5 37. Rg3 Kb4 38. Rf3 Rf6 39. Kf2 Kc3
40. Ke3 Rf8 41. Kf4 Kd4 42. h4 Rg8 43. Kxf5 Rxg2 44. d6 Rg7 45. Ke6 Rg6+ 46. Rf6
Rg1 47. d7 Re1+ 48. Kd6 {Black resigns} 1-0

[Event "Team 45 45 League T34"]
[Site "Internet Chess Club"]
[Date "2007.07.21"]
[Round "1"]
[White "RingLord"]
[Black "Duguesclin"]
[Result "0-1"]
[WhiteElo "1546"]
[BlackElo "1746"]
[Opening "French: advance, Paulsen attack"]
[ECO "C02"]
[Time "12:02:34"]
[TimeControl "2700+45"]

1. e4 e6 2. d4 d5 3. e5 c5 4. c3 Nc6 5. Nf3 Qb6 6. a3 Bd7 7. b4 cxd4 8. cxd4
Nge7 9. Nc3 Nf5 10. Na4 Qc7 11. Bb2 b6 12. Rc1 Qb7 13. g4 Nh6 14. Nh4 Be7 15.
Ng2 O-O 16. f4 a5 17. b5 Na7 18. Nc3 Rac8 19. h4 Rc7 20. Ne3 Rfc8 21. Qd2 Rf8
22. g5 Nf5 23. Nxf5 exf5 24. h5 g6 25. hxg6 fxg6 26. Rh3 Qc8 27. Nxd5 Rxc1+ 28.
Bxc1 Bd8 29. Nf6+ Bxf6 30. gxf6 Bxb5 31. Bxb5 Nxb5 32. d5 Qc5 33. Re3 Nd4 34.
Rc3 Qxd5 35. Qf2 Qe4+ 36. Re3 Nc2+ 37. Kf1 Nxe3+ 38. Bxe3 Qb1+ 39. Kg2 Rc8 40.
Kg3 Rc2 41. Qg1 Qxg1+ 42. Bxg1 Rc3+ 43. Kh4 b5 44. e6 Rc6 45. e7 Kf7 46. Bd4 h6
47. Be5 b4 48. axb4 axb4 49. Kg3 b3 50. Kf3 Rc2 51. Ke3 b2 52. Kd3 b1=Q 53.
e8=Q+ Kxe8 54. f7+ Kxf7 {White resigns} 0-1

[Event "Team 45 45 League T34"]
[Site "Internet Chess Club"]
[Date "2007.07.22"]
[Round "1"]
[White "Thestorm"]
[Black "achessman"]
[Result "1-0"]
[WhiteElo "2130"]
[BlackElo "2075"]
[Opening "Petrov: classical attack, Jaenisch variation"]
[ECO "C42"]
[Time "22:08:36"]
[TimeControl "2700+45"]

1. e4 e5 2. Nf3 Nf6 3. Nxe5 d6 4. Nf3 Nxe4 5. d4 d5 6. Bd3 Nc6 7. O-O Be7 8. c4
Nb4 9. Be2 O-O 10. Nc3 Be6 11. Be3 Nxc3 12. bxc3 Nc6 13. cxd5 Bxd5 14. c4 Be4
15. Bd3 Bxf3 16. Qxf3 Bf6 17. Qh3 g6 18. Rab1 Rb8 19. d5 Na5 20. Bxa7 Ra8 21.
Bc5 Re8 22. Rbe1 Rxe1 23. Rxe1 b6 24. Be3 Qd6 25. Qg3 Be5 26. f4 Bc3 27. Re2 Qb4
28. c5 bxc5 29. f5 Nc4 30. fxg6 Nxe3 31. gxf7+ Kh8 32. Qh3 Nf5 33. Qxf5 {Black
resigns} 1-0

[Event "Team 45 45 League T34"]
[Site "Internet Chess Club"]
[Date "2007.07.24"]
[Round "1"]
[White "kabindra"]
[Black "ETwoEFour"]
[Result "0-1"]
[WhiteElo "1778"]
[BlackElo "2000"]
[Opening "Scotch gambit: Dubois-Réti defense"]
[ECO "C55"]
[Time "12:01:36"]
[TimeControl "2700+45"]

1. e4 e5 2. Nf3 Nc6 3. d4 exd4 4. Bc4 Nf6 5. e5 d5 6. Bb5 Ne4 7. Nxd4 Bd7 8.
Bxc6 bxc6 9. f3 Qh4+ 10. g3 Nxg3 11. Bg5 Qxg5 12. hxg3 Qxg3+ 13. Ke2 c5 14. Nb3
Qg2+ 15. Ke3 d4+ 16. Kd3 Bf5+ 17. Kc4 Qg6 18. Nxc5 Bxc5 19. Kxc5 Qb6+ 20. Kc4
Rd8 21. b4 a5 22. b5 Qe6+ {White resigns} 0-1

[Event "Team 45 45 League T34"]
[Site "Internet Chess Club"]
[Date "2007.07.18"]
[Round "1"]
[White "CoronelCintra"]
[Black "tourettes"]
[Result "1-0"]
[WhiteElo "1950"]
[BlackElo "1781"]
[Opening "French: Tarrasch, open variation"]
[ECO "C07"]
[Time "14:00:55"]
[TimeControl "2700+45"]

1. e4 e6 2. d4 d5 3. Nd2 c5 4. Ngf3 Nc6 5. Bb5 Qb6 6. Bxc6+ bxc6 7. O-O Nf6 8.
e5 Nd7 9. dxc5 Nxc5 10. Nb3 Nxb3 11. axb3 Bc5 12. Qd3 a5 13. Be3 Bxe3 14. Qxe3
c5 15. Qd2 Bb7 16. Ra4 Bc6 17. Rg4 g6 18. Qh6 O-O-O 19. Ng5 Rdf8 20. Rf4 Be8 21.
Ra1 Rhg8 22. Rf6 Qc7 23. Nxe6 Qxe5 24. Qf4 Qxf4 25. Nxf4 d4 26. Rxa5 g5 27. Nd5
{Black resigns} 1-0

[Event "Team 45 45 League T34"]
[Site "Internet Chess Club"]
[Date "2007.07.22"]
[Round "1"]
[White "powerchess1"]
[Black "NoiselessBear"]
[Result "0-1"]
[WhiteElo "1778"]
[BlackElo "1807"]
[Opening "King's Indian: London system"]
[ECO "A48"]
[Time "08:50:25"]
[TimeControl "2700+45"]

1. d4 Nf6 2. Nf3 g6 3. Bf4 Bg7 4. e3 c5 5. Be2 O-O 6. h3 Qb6 7. Qc1 d6 8. Na3
Be6 9. O-O Nc6 10. Bc4 Bxc4 11. Nxc4 Qb4 12. Ncd2 cxd4 13. a3 Qb6 14. Rb1 Nd5
15. Nb3 Nxf4 16. exf4 d3 17. Nfd2 dxc2 18. Qxc2 Rac8 19. f5 Nd4 20. Qd3 Nxf5 21.
Qe4 Ng3 22. Qxe7 Nxf1 23. Kxf1 Rfe8 24. Qh4 Rc2 25. Qg3 Qa6+ 26. Kg1 Re2 27. Qf4
Be5 28. Qg5 Qd3 29. Nc1 Re1+ {White resigns} 0-1

[Event "Team 45 45 League T34"]
[Site "Internet Chess Club"]
[Date "2007.07.22"]
[Round "1"]
[White "Gregorio"]
[Black "livis"]
[Result "1-0"]
[WhiteElo "2169"]
[BlackElo "1983"]
[Opening "Robatsch (modern) defense"]
[ECO "B06"]
[Time "14:03:18"]
[TimeControl "2700+45"]

1. e4 g6 2. d4 Bg7 3. Be3 d6 4. Qd2 Nc6 5. Nc3 Bd7 6. Nge2 e5 7. h4 h5 8. O-O-O
a6 9. Bg5 f6 10. Be3 Nh6 11. f3 Nf7 12. d5 Ne7 13. Kb1 b5 14. Nc1 b4 15. N3e2 a5
16. f4 Qb8 17. fxe5 Nxe5 18. Nd4 a4 19. Bd3 Ng4 20. Rdf1 O-O 21. Be2 Nxe3 22.
Qxe3 c5 23. dxc6 Nxc6 24. Bc4+ Kh7 25. Nxc6 Bxc6 26. g4 hxg4 27. h5 g5 28. h6
Bh8 29. Be6 Qb7 30. Qd3 Bxe4 31. Bf5+ Bxf5 32. Qxf5+ Kg8 33. Qg6+ Bg7 34. hxg7
Qxg7 35. Qf5 g3 36. Rh3 Rae8 37. Rxg3 Re5 38. Qd3 a3 39. Qxd6 axb2 40. Nd3 Re7
41. Rh1 Rfe8 42. Rgh3 Re6 43. Qd5 Kf8 44. Rh8+ {Black resigns} 1-0

[Event "Team 45 45 League T34"]
[Site "Internet Chess Club"]
[Date "2007.07.21"]
[Round "1"]
[White "fileman"]
[Black "Gaia-theory"]
[Result "0-1"]
[WhiteElo "1909"]
[BlackElo "2109"]
[Opening "Sicilian: Canal-Sokolsky (Nimzovich-Rossolimo, Moscow) attack"]
[ECO "B51"]
[Time "10:08:40"]
[TimeControl "2700+45"]

1. e4 c5 2. Nf3 d6 3. Bb5+ Nd7 4. Nc3 a6 5. Bxd7+ Bxd7 6. d4 cxd4 7. Qxd4 Bc6 8.
O-O Nf6 9. e5 dxe5 10. Qxd8+ Rxd8 11. Nxe5 e6 12. Nxc6 bxc6 13. Bg5 Be7 14. Rfd1
Nd5 15. Bxe7 Kxe7 16. Ne4 Nb4 17. c3 Nd5 18. Rd2 Nf6 19. Rxd8 Rxd8 20. Nxf6 Kxf6
21. Kf1 Rd2 22. Rb1 Rc2 23. g3 h5 24. Kg2 g5 25. h3 Kg6 26. Kf3 f5 27. Ke3 e5
28. a4 Kf6 29. Kf3 e4+ 30. Ke3 Ke5 31. f4+ gxf4+ 32. gxf4+ Ke6 33. Kd4 Rf2 34.
Rg1 Rxf4 35. Rg6+ Kd7 36. Rg7+ Kd6 37. Rg6+ Kc7 38. a5 Rf1 39. Kc5 e3 40. Rg7+
Kd8 41. Rg2 f4 42. Kd6 Rd1+ 43. Kxc6 f3 44. Rg8+ Ke7 45. Rg7+ Kf6 46. Rg3 f2 47.
Rf3+ Kg5 48. Rg3+ Kf4 {White resigns} 0-1